 Dungeon Crawl Stone Soup version 0.30.1-9-gdf580d7c3d (webtiles) character file.

Game seed: 12144010056999790847

12824 noe the Cleaver (level 11, -6/89 HPs)
             Began as a Minotaur Fighter on Oct 6, 2023.
             Was a High Priest of Hepliaklqana.
             Mangled by Erica
             ... wielding a +2 scimitar of flaming
              (10 damage)
             ... on level 11 of the Dungeon.
             The game lasted 00:19:44 (9986 turns).

noe the Cleaver (Minotaur Fighter)                  Turns: 9986, Time: 00:19:45

Health: -6/89      AC:  9    Str: 25    XL:     11   Next: 67%
Magic:  10/10      EV: 12    Int:  5    God:    Hepliaklqana [*****.]
Gold:   492        SH:  0    Dex: 12    Spells: 10/10 levels left

rFire   . . .        p - +11 hand axe "Tormentor" {spect, Dex+2}
rCold   . . .        H - orb {mayhem}
rNeg    . . .        b - +0 scale mail
rPois   +            (helmet restricted)
rElec   .            (no cloak)
rCorr   .            (no gloves)
SInv    .            (no boots)
Will    .....        (no amulet)
Stlth   +            J - +4 ring of slaying
HPRegen 0.34/turn    w - ring of poison resistance
MPRegen 0.12/turn

%: mayhem
@: mighty
A: reduced essence, horns 2, retaliatory headbutt
a: Renounce Religion, Ancestor Life: Knight, Ancestor Life: Battlemage, Ancestor
Life: Hexer, Recall Ancestor, Ancestor Identity, Transference, Idealise


You were on level 11 of the Dungeon.
You worshipped Hepliaklqana.
Hepliaklqana was extremely pleased with you.
You visited 2 branches of the dungeon, and saw 12 of its levels.

You collected 618 gold pieces.
You spent 126 gold pieces at shops.

Inventory:

Hand Weapons
 a - a +0 war axe
 p - the +11 hand axe "Tormentor" (weapon) {spect, Dex+2}
   (You found it on level 3 of the Dungeon)

   Dex:       It affects your dexterity (+2).
 s - a +2 heavy flail
 t - a +1 dagger of venom
 z - a +4 heavy dire flail
 G - a +1 shortbow of freezing
Missiles
 Q - 3 throwing nets
Armour
 b - a +0 scale mail (worn)
 c - a +0 buckler
 H - an orb of mayhem (worn)
 L - a +2 ring mail of cold resistance
Magical Staves
 e - a staff of cold
Jewellery
 w - a ring of poison resistance (right hand)
 D - a ring of magical power
 I - a +6 ring of dexterity
 J - a +4 ring of slaying (left hand)
 K - a ring of fire
 R - a ring of resist corrosion
 T - a ring of magical power
Wands
 r - a wand of iceblast (5)
 x - a wand of paralysis (37)
 A - a wand of mindburst (19)
 E - a wand of flame (19)
Scrolls
 f - 12 scrolls of identify {unknown}
 h - 3 scrolls of torment {unknown}
 k - 3 scrolls of magic mapping {unknown}
 l - a scroll of poison {unknown}
 m - 2 scrolls of blinking {unknown}
 n - a scroll of acquirement {unknown}
 o - 2 scrolls of enchant armour {unknown}
 u - 3 scrolls of teleportation {unknown}
 y - 3 scrolls of fear {unknown}
 C - 3 scrolls of immolation {unknown}
 F - a scroll of vulnerability {unknown}
 N - 4 scrolls of amnesia {unknown}
 O - a scroll of butterflies {unknown}
 P - 2 scrolls of enchant weapon {unknown}
 S - a scroll of fog {unknown}
Potions
 d - 5 potions of might
 g - 2 potions of flight {unknown}
 i - 5 potions of curing {unknown}
 j - a potion of brilliance {unknown}
 q - 3 potions of ambrosia {unknown}
 v - 2 potions of magic {unknown}
 B - a potion of attraction {unknown}
 M - 2 potions of haste {unknown}


   Skills:
 + Level 10.1 Fighting
 + Level 14.0 Axes
 + Level 12.7 Armour
 + Level 5.0 Dodging
 + Level 3.5 Stealth
 + Level 5.3 Shields
 + Level 1.5 Evocations


You had 10 spell levels left.
You didn't know any spells.
Your spell library contained the following spells:

 Spells                   Type           Power      Damage    Failure   Level
 Animate Dead             Necr           0%         N/A       100%        4
 Iskenderun's Battlesphe  Conj           0%         2d6       100%        5
 Iron Shot                Conj/Erth      0%         9d1       100%        6
 Haunt                    Necr/Summ      0%         N/A       100%        7
 Spellforged Servitor     Conj/Summ      0%         N/A       100%        7
 Infestation              Necr           0%         N/A       100%        8


Dungeon Overview and Level Annotations

Branches:
Dungeon (11/15)            Temple (0/1) D:5            Lair (0/5) D:11
    Orc (1/2) D:9

Altars:
Hepliaklqana
Nemelex Xobeh
Xom

Shops:
D:1 ?   D:5 (

Annotations:
D:11 Erica


Innate Abilities, Weirdness & Mutations

Your life essence is reduced to manifest your ancestor. (-10% HP)
You have a pair of horns on your head.
You reflexively headbutt those who attack you in melee.


Message History

You resist with significant effort.
A cyclops comes into view.
The cyclops shouts!
Erica gestures wildly while chanting.
Erica flickers and vanishes!
Deactivating autopickup; reactivate with Ctrl-A.
Something hits you. Something burns you.
There is an open door here.
You slash something!
Your +11 hand axe "Tormentor" {spect, Dex+2} hits something!!
You swap places.
Your +11 hand axe "Tormentor" {spect, Dex+2} disappears.
Something hits you but does no damage. Something hits you. Something burns you.
Tertia hits something.
The cyclops throws a large rock.
The large rock hits you!! Something hits you! Something burns you.
Tertia barely misses something.
The cyclops hits you!!
* * * LOW HITPOINT WARNING * * *
You slash the cyclops! You headbutt the cyclops.
The cyclops is moderately wounded.
You hit something.
Your +11 hand axe "Tormentor" {spect, Dex+2} hits the cyclops!
Your +11 hand axe "Tormentor" {spect, Dex+2} hits something!!
Something hits you!
* * * LOW HITPOINT WARNING * * *
Something burns you.
* * * LOW HITPOINT WARNING * * *
You feel very mighty all of a sudden.
Your +11 hand axe "Tormentor" {spect, Dex+2} disappears.
Tertia barely misses something.
Something hits you but does no damage. The cyclops misses you.
You furiously retaliate!
You headbutt the cyclops!! You hit the cyclops.
You kill the cyclops!
You closely miss something.
Your +11 hand axe "Tormentor" {spect, Dex+2} barely misses something.
Tertia hits something.
Your Axes skill increases to level 14!
Your +11 hand axe "Tormentor" {spect, Dex+2} disappears.
Something hits you!
You die...

###...#......)....#..........#
#...##.....P...#####.#######
########.....### #.# #...###
#.# ###.### #.# #...# #.#
###R#######.# #.........#.#
#....@....#.# #............
#....:....#.# #####....##
#.##..# #.# #.# #.# ..# #.. ..


You could see the friendly Tertia the ancestor.

Vanquished Creatures
  A two-headed ogre (D:11)
  The ghost of Ivernyr the Cruncher, a novice FoFi of Zin (D:8)
  Pikel (D:4)
  An ugly thing (D:11)
  2 cyclopes
  2 komodo dragons
  A merfolk (D:10)
  A hornet (D:9)
  Grinder (D:3)
  4 shadows
  2 wraiths (D:11)
  2 wyverns
  15 yaks
  Eustachio (D:5)
  5 vampire mosquitoes
  Edmund (D:4)
  A water moccasin (D:8)
  An acid dragon (D:10)
  8 orc warriors
  2 ogres
  5 centaurs
  A phantom (D:4)
  2 lemures (D:4)
  A kobold brigand (D:7)
  4 bullfrogs
  A two-headed ogre simulacrum (D:11)
  3 scorpions
  8 wights
  7 killer bees
  5 howler monkeys
  A jelly (D:8)
  8 orc priests
  3 hounds
  2 sleepcaps (D:6)
  3 iguanas
  Ijyb (D:4)
  13 orc wizards
  A spriggan simulacrum (D:11)
  A troll simulacrum (D:11)
  4 adders
  A naga simulacrum (D:11)
  A white imp (D:5)
  An ufetubus (D:5)
  2 worms
  2 dart slugs
  34 orcs
  6 bats
  4 endoplasms
  4 giant cockroaches
  4 goblins
  5 hobgoblins
  4 jackals (D:4)
  2 quokkas (D:1)
  5 ball pythons
  4 frilled lizards
  8 kobolds
  6 rats
220 creatures vanquished.

Vanquished Creatures (collateral kills)
  A shadow (D:8)
  2 ogres (Orc:1)
  2 orc warriors (D:9)
  A bullfrog (D:5)
  A wight (D:8)
  2 killer bees
  A howler monkey (D:9)
  An adder (D:4)
  5 orcs
  A ball python (D:3)
  2 endoplasms (D:3)
  A hobgoblin (D:4)
  3 kobolds
  A quokka (D:2)
24 creatures vanquished.

Vanquished Creatures (others)
  3 yaks
  An ancestor (Orc:1)
  An orc wizard (D:10)
  An orc (D:9)
6 creatures vanquished.

Grand Total: 250 creatures vanquished

Notes
Turn   | Place    | Note
-------+----------+-------------------------------------------
     0 | D:1      | noe the Minotaur Fighter began the quest for the Orb.
     0 | D:1      | Reached XP level 1. HP: 19/19 MP: 0/0
    85 | D:1      | Found Hawkus's Magic Scroll Shop.
   117 | D:1      | Reached XP level 2. HP: 22/27 MP: 1/1
   316 | D:1      | Found a faded altar of an unknown god.
   322 | D:1      | Prayed at the altar of an unknown god.
   322 | D:1      | Became a worshipper of Hepliaklqana the Forgotten
   322 | D:1      | Reached * piety under Hepliaklqana
   441 | D:1      | Reached skill level 3 in Axes
   914 | D:2      | Reached XP level 3. HP: 29/29 MP: 2/2
  1927 | D:3      | Reached XP level 4. HP: 26/36 MP: 3/3
  1929 | D:3      | Identified the +11 hand axe "Tormentor" {spect, Dex+2}
  1981 | D:3      | Noticed Grinder
  1981 | D:3      | Paralysed by Grinder for 4 turns
  1988 | D:3      | Paralysed by Grinder for 4 turns
  2029 | D:3      | Killed Grinder
  2030 | D:3      | Reached skill level 5 in Axes
  2030 | D:3      | Reached skill level 5 in Armour
  2030 | D:3      | Reached skill level 1 in Dodging
  2030 | D:3      | Reached XP level 5. HP: 37/42 MP: 4/4
  2030 | D:3      | Reached XP level 6. HP: 41/47 MP: 5/5
  2436 | D:3      | Reached ** piety under Hepliaklqana
  2462 | D:4      | Noticed Pikel
  2478 | D:4      | Killed Pikel
  2479 | D:4      | Reached skill level 5 in Fighting
  2479 | D:4      | Reached skill level 6 in Axes
  2479 | D:4      | Reached XP level 7. HP: 34/54 MP: 6/6
  2565 | D:4      | Reached skill level 7 in Axes
  2644 | D:4      | Noticed Ijyb
  2652 | D:4      | Killed Ijyb
  2654 | D:4      | Reached XP level 8. HP: 61/61 MP: 7/7
  2788 | D:4      | Noticed Edmund
  2793 | D:4      | Killed Edmund
  3082 | D:5      | Entered Level 5 of the Dungeon
  3230 | D:5      | Reached skill level 8 in Axes
  3427 | D:5      | Found a staircase to the Ecumenical Temple.
  3577 | D:5      | Found a shimmering altar of Xom.
  3836 | D:5      | Noticed Eustachio
  3846 | D:5      | Killed Eustachio
  3877 | D:5      | Found Visch's Antique Weapon Emporium.
  3880 | D:5      | Bought a glowing shortbow for 126 gold pieces
  4109 | D:6      | Reached skill level 9 in Axes
  4120 | D:6      | Reached *** piety under Hepliaklqana
  4374 | D:6      | Reached skill level 5 in Shields
  4503 | D:7      | Reached XP level 9. HP: 67/67 MP: 8/8
  4787 | D:7      | Reached skill level 1 in Stealth
  4901 | D:7      | Reached skill level 10 in Axes
  4964 | D:7      | Found a hazy altar of Hepliaklqana.
  5016 | D:7      | Reached **** piety under Hepliaklqana
  5173 | D:7      | Found a sparkling altar of Nemelex Xobeh.
  5559 | D:8      | Found a runed translucent gate.
  5559 | D:8      | Found a runed translucent gate.
  5559 | D:8      | Found a runed translucent gate.
  5566 | D:8      | Noticed Ivernyr's ghost (novice FoFi)
  5574 | D:8      | Killed Ivernyr's ghost
  5575 | D:8      | Reached skill level 11 in Axes
  5861 | D:8      | Reached XP level 10. HP: 59/75 MP: 9/9
  5864 | D:8      | Reached skill level 10 in Armour
  6276 | D:9      | Found a staircase to the Orcish Mines.
  6282 | Orc:1    | Entered Level 1 of the Orcish Mines
  6285 | Orc:1    | Noticed a cyclops
  6293 | Orc:1    | Killed a cyclops
  6299 | Orc:1    | Noticed an orc knight
  6759 | D:9      | Identified the +8 chain mail of Reri {Str+10}
  6867 | D:9      | Reached skill level 12 in Axes
  6906 | D:9      | Reached skill level 1 in Evocations
  7002 | D:9      | Reached ***** piety under Hepliaklqana
  7793 | D:10     | Entered Level 10 of the Dungeon
  7968 | D:10     | Reached XP level 11. HP: 41/82 MP: 10/10
  8470 | D:10     | Reached skill level 13 in Axes
  8936 | D:11     | Found a frozen archway.
  9341 | D:11     | Reached skill level 5 in Dodging
  9641 | D:11     | Noticed a two-headed ogre
  9650 | D:11     | Killed a two-headed ogre
  9650 | D:11     | Noticed a green ugly thing
  9653 | D:11     | Killed a green ugly thing
  9664 | D:11     | Reached skill level 10 in Fighting
  9962 | D:11     | Found a staircase to the Lair.
  9975 | D:11     | Noticed Erica
  9983 | D:11     | HP: 4/89 [something (7)]
  9986 | D:11     | Reached skill level 14 in Axes
  9986 | D:11     | Mangled by Erica

Illustrated notes

Levels and vault maps discovered:
D:1:      psy_arrival_basics, layout_loops_cross, serial_shops, shop,
          shapermc_ecumenical_altar_mp_vishouse, dk_noncrumbling_2
D:2:      layout_loops_ring, serial_forest, infiniplex_forest_straight_4,
          infiniplex_forest_clump_large, infiniplex_forest_end_2,
          infiniplex_forest_clump_double, infiniplex_forest_lined_corner,
          infiniplex_forest_clump_long, infiniplex_forest_clump_medium,
          infiniplex_forest_clump_diagonal
D:3:      layout_basic, minmay_hedge_maze, chequers_serial_rivers_micro_d,
          nicolae_concentric_dashed_squares_mild, uniq_grinder
D:4:      layout_basic, nicolae_figureground_pulse, uniq_edmund, uniq_pikel,
          uniq_ijyb
D:5:      layout_loops_ring, mainiacjoe_overflow_boulevard,
          minmay_temple_entry_nine_rooms, serial_shops,
          nicolae_shop_tiny_real_fake_doors, minmay_misc_feat_chi,
          uniq_eustachio
D:6:      layout_cave_pools, hex_medium
D:7:      layout_gridville, worldfamousw_hep_ancestral_shrine,
          nemelex_spade_bored_becter
D:8:      layout_rooms, gammafunk_ghost_spectres
D:9:      statuecave_lemuel, layout_irregular_city,
          minmay_orc_entry_temple_small, grunt_ministairs_13
D:10:     layout_long_grid, hangedman_fish_farm
D:11:     layout_basic, david_lair_shrubbed,
          portal_ice_cave_entry_ice_simulacra, minmay_circle_x, uniq_erica
Orc:1:    layout_caves, serial_shops, shop, hellmonk_jugg_or_not, uniq_snorg

Skill      XL: |  1  2  3  4  5  6  7  8  9 10 11 |
---------------+----------------------------------+-----
Axes           | 3 5 6 7 9 11 12 14 | 14.0
Armour         | 4 5 6 7 8 9 11 12 | 12.7
Shields        | 4 5 |  5.3
Fighting       | 4 5 6 7 9 10 | 10.1
Dodging        | 1 2 3 4 5 |  5.0
Stealth        | 1 2 3 |  3.5
Evocations     | 1 |  1.5

Action                     |  1- 3 |  4- 6 |  7- 9 | 10-12 || total
---------------------------+-------+-------+-------+-------++-------
  Melee: War axe           |   151 |       |       |       ||   151
         Headbutt          |    22 |     5 |    18 |    37 ||    82
         Hand axe          |       |    38 |    99 |   153 ||   290
  Evoke: Wand              |       |       |     2 |     1 ||     3
    Use: Potion            |       |       |       |     2 ||     2
   Stab: Distracted        |       |       |     2 |     2 ||     4
 Armour: Scale mail        |    53 |     9 |    28 |    23 ||   113
  Dodge: Dodged            |    56 |     8 |    46 |    73 ||   183
  Block: Buckler           |    20 |     3 |     9 |       ||    32
